 Dungeon Crawl Stone Soup version 0.30-a0-723-gc1506a1cf0 (webtiles) character file.

Game seed: 5221194946752550529

119 porpoise the Chopper (level 5, -1/47 HPs)
             Began as a Hill Orc Monk on Jan 29, 2023.
             Slain by Pikel
             ... wielding a +0 whip of freezing
              (2 damage)
             ... on level 3 of the Dungeon.
             The game lasted 00:08:51 (2570 turns).

porpoise the Chopper (Hill Orc Monk)                Turns: 2570, Time: 00:08:51

Health: -1/47      AC:  5    Str: 16    XL:     5   Next: 3%
Magic:  5/5        EV: 10    Int: 10    God:
Gold:   21         SH:  3    Dex: 13    Spells: 4/4 levels left

rFire   . . .      SeeInvis .    a - +0 hand axe
rCold   . . .      Faith    .    j - +0 buckler
rNeg    . . .      Spirit   .    p - +0 ring mail
rPois   .          Reflect  .    (helmet restricted)
rElec   .          Harm     .    (no cloak)
rCorr   .          Rampage  .    (no gloves)
Will    .....                    (no boots)
Stlth   +                        (no amulet)
HPRegen 0.27/turn                (no ring)
MPRegen 0.09/turn                (no ring)

@: invisible
A: horns 1
a: no special abilities


You were on level 3 of the Dungeon.
You visited 1 branch of the dungeon, and saw 4 of its levels.

You collected 135 gold pieces.
You spent 114 gold pieces at shops.

Inventory:

Hand Weapons
 a - a +0 hand axe (weapon)
 w - a +2 heavy mace
Missiles
 h - 4 boomerangs (quivered)
Armour
 j - a +0 buckler (worn)
 p - a +0 ring mail (worn)
Jewellery
 e - a +6 ring of intelligence
Scrolls
 b - a scroll of teleportation
 f - 2 scrolls of enchant armour {unknown}
 g - a scroll of magic mapping {unknown}
 k - 2 scrolls of identify {unknown}
 l - a scroll of vulnerability {unknown}
 n - a scroll of acquirement {unknown}
 s - a scroll of fear {unknown}
 t - a scroll of fog {unknown}
Potions
 c - a potion of ambrosia
 d - a potion of mutation
 i - a potion of invisibility
 m - 2 potions of heal wounds {unknown}
 o - a potion of might {unknown}
 q - a potion of lignification {unknown}
 r - a potion of brilliance {unknown}
 u - a potion of curing {unknown}


   Skills:
 + Level 4.8 Fighting
 * Level 6.4 Axes
 - Level 2.4 Dodging
 - Level 1.5 Stealth


You had 4 spell levels left.
You didn't know any spells.
Your spell library was empty.

Dungeon Overview and Level Annotations

Branches:
Dungeon (4/15)
 Temple: D:4-7

Altars:
Cheibriados
Vehumet

Shops:
D:1 *

Annotations:
D:3 Pikel


Innate Abilities, Weirdness & Mutations

You have a pair of small horns on your head.


Message History

It was a potion of mutation.
You feel extremely strange. A pair of horns grows on your head!
Pikel hits you with a +0 whip of freezing.
Pikel freezes you.
You closely miss Pikel.
Pikel is lightly wounded.
Pikel hits you with a +0 whip of freezing!
Pikel freezes you.
You completely miss Pikel. You headbutt Pikel, but do no damage.
Pikel is lightly wounded.
Pikel hits you with a +0 whip of freezing.
Pikel freezes you.
You hit Pikel but do no damage. Your headbutt misses Pikel.
Pikel is lightly wounded.
Pikel closely misses you.
You hit Pikel.
Pikel is lightly wounded.
Pikel misses you.
You hit Pikel but do no damage.
Pikel is lightly wounded.
You block Pikel's attack.
You barely miss Pikel.
Pikel is lightly wounded.
Pikel hits you but does no damage.
You barely miss Pikel. You headbutt Pikel.
Pikel is lightly wounded.
Pikel hits you with a +0 whip of freezing!
Pikel freezes you.
* * * LOW HITPOINT WARNING * * *
It was a potion of invisibility.
You fade into invisibility!
Pikel hits you with a +0 whip of freezing!
* * * LOW HITPOINT WARNING * * *
Pikel freezes you.
* * * LOW HITPOINT WARNING * * *
Pikel says, "You'll feel the lick of my whip!"
Pikel hits you with a +0 whip of freezing.
* * * LOW HITPOINT WARNING * * *
Pikel freezes you.
You die...

####.#########...## #.......####.
#.# ##>## #............ ####.#
#.#####.##.#######. .....#
#.......##.# #. ######
#.#.######.# ## #.#.# #.# #
##.#.# #.# #
##############.K..######.## #
....).<..[......@.........# #
##############...########.#######
##### #........ #########


You could see Pikel (unable to see you).

Vanquished Creatures
  Jessica (D:2)
  4 adders
  6 orcs
  4 ball pythons
  An endoplasm (D:2)
  3 giant cockroaches
  A goblin (D:1)
  7 hobgoblins
  3 jackals (D:1)
  A quokka (D:2)
  4 bats
  5 frilled lizards
  4 kobolds
  6 rats
50 creatures vanquished.

Notes
Turn   | Place    | Note
-------+----------+-------------------------------------------
     0 | D:1      | porpoise the Hill Orc Monk began the quest for the Orb.
     0 | D:1      | Reached XP level 1. HP: 19/19 MP: 1/1
   108 | D:1      | Found Oqusas's Assorted Antiques.
   142 | D:1      | Reached XP level 2. HP: 14/27 MP: 2/2
   554 | D:1      | Reached skill level 5 in Axes
   782 | D:2      | Reached XP level 3. HP: 32/33 MP: 3/3
   887 | D:2      | Noticed Jessica
   902 | D:2      | Killed Jessica
  1160 | D:2      | Reached XP level 4. HP: 41/41 MP: 4/4
  1418 | D:2      | Reached skill level 6 in Axes
  1899 | D:3      | Found a snail-covered altar of Cheibriados.
  1974 | D:3      | Found a radiant altar of Vehumet.
  2330 | D:1      | Bought a scroll labelled DIUGGI MOSU for 30 gold pieces
  2330 | D:1      | Bought a scroll labelled FESTRA PUIF NES for 30 gold pieces
  2330 | D:1      | Bought a smoky dark potion for 27 gold pieces
  2330 | D:1      | Bought a glowing golden potion for 27 gold pieces
  2486 | D:4      | Reached XP level 5. HP: 43/47 MP: 5/5
  2548 | D:4      | Noticed Pikel
  2548 | D:4      | Noticed a lemure
  2548 | D:4      | Noticed a lemure
  2548 | D:4      | Noticed a lemure
  2549 | D:4      | Noticed a lemure
  2554 | D:3      | Gained mutation: You have a pair of small horns on your
                  | head. [potion of mutation]
  2570 | D:3      | HP: 1/47 [Pikel/+0 whip of freezing (5)]
  2570 | D:3      | Slain by Pikel

Illustrated notes

Levels and vault maps discovered:
D:1:      moated_graveyard_arrival, layout_basic, serial_shops, shop
D:2:      minmay_chambers_of_ones, layout_basic, uniq_jessica
D:3:      layout_loops_ring, cheibriados_altar_1, vehumet_crystals
D:4:      layout_gridville, minmay_temple_entry_from_below_a,
          serial_bayou_ford_a, lexackson_kobold_supper, uniq_pikel

Skill      XL: |  1  2  3  4 |
---------------+-------------+-----
Fighting       | 4 |  4.8
Axes           | 5 6 |  6.4
Dodging        | |  2.4
Stealth        | |  1.5

Action                     |  1- 3 |  4- 6 || total
---------------------------+-------+-------++-------
  Melee: Hand axe          |    92 |    99 ||   191
         Punch             |     1 |       ||     1
         Headbutt          |       |     2 ||     2
  Throw: Boomerang         |       |     7 ||     7
    Use: Potion            |       |     2 ||     2
         Scroll            |       |     1 ||     1
   Stab: Sleeping          |     2 |     2 ||     4
 Armour: Robe              |    14 |     1 ||    15
         Leather armour    |       |    17 ||    17
         Ring mail         |       |     7 ||     7
  Dodge: Dodged            |    60 |    47 ||   107
  Block: Buckler           |     3 |    11 ||    14

Table legend: (Time is in decaauts)
 A = Elapsed time spent in this place.
 B = Non-inter-level travel time spent in this place.
 C = Inter-level travel time spent in this place.
 D = Time resting spent in this place.
 E = Time spent auto-exploring this place.
 F = Levels seen in this place.
 G = Mean time per level.
                   A        B        C        D        E       F      G
               +--------+--------+--------+--------+--------+-----+--------+
         Total |   2585 |   2325 |    260 |    343 |   1420 |   4 |  646.2 |
       Dungeon |   2585 |   2325 |    260 |    343 |   1420 |   4 |  646.2 |
               +--------+--------+--------+--------+--------+-----+--------+

Top non-repeatable levels by time:
     D:2: 846 daAuts
     D:3: 833 daAuts
     D:1: 775 daAuts
     D:4: 129 daAuts
